[Event "ICC tourney 3162 (40 10)"]
[Site "Internet Chess Club"]
[Date "2023.04.01"]
[Round "1"]
[White "MARKOVIC, GORAN:Goran21"]
[Black "Mitrabha, Guha:babysnake"]
[Result "0-1"]
[ICCResult "White resigns"]
[WhiteElo "2075"]
[BlackElo "2560"]
[Opening "Caro-Kann: closed (Breyer) variation"]
[ECO "B10"]
[NIC "CK.01"]
[Time "11:02:52"]
[PlyCount "88"]
[TimeControl "2400+10"]

1. e4 c6 2. d3 d5 3. Nd2 e5 4. Ngf3 Bd6 5. g3 Nf6 6. Bg2 O-O 7. O-O Bg4 8.
h3 Bh5 9. g4 Bg6 10. Nh4 Re8 11. Nf5 Bc7 12. Qe2 Nbd7 13. Re1 Nc5 14. Nf1
Ne6 15. h4 h6 16. Qf3 Nd4 17. Qd1 a5 18. c3 Ne6 19. exd5 cxd5 20. N1g3 Nf4
21. d4 e4 22. Be3 h5 23. Bxf4 Bxf4 24. gxh5 Bxf5 25. Nxf5 Qd7 26. Bh3 Qb5
27. Rb1 a4 28. Kh1 a3 29. Rg1 Qd3 30. Rxg7+ Kf8 31. Bf1 Qxd1 32. Rxd1 axb2
33. Bb5 Rxa2 34. Rb1 Ra1 35. Rgg1 Bc1 36. Rxb2 Bxb2 37. Bf1 Nxh5 38. Rg5 Nf6
39. Kg2 Bc1 40. Rg7 Bh6 41. Rg3 Bf4 42. Rg7 Bh6 43. Rg3 Nh5 44. Rg4 Re6
{White resigns}
0-1

[Event "ICC tourney 3162 (40 10)"]
[Site "Internet Chess Club"]
[Date "2023.04.01"]
[Round "1"]
[White "BERKLEY, DARRIN K:drberkley"]
[Black "YAN, RUIYANG:jy2020"]
[Result "0-1"]
[ICCResult "White resigns"]
[WhiteElo "1890"]
[BlackElo "2351"]
[Opening "Sicilian: closed"]
[ECO "B23"]
[NIC "SI.44"]
[Time "11:00:18"]
[PlyCount "38"]
[TimeControl "2400+10"]

1. e4 c5 2. Nc3 d6 3. f4 Nc6 4. Nf3 g6 5. Bb5 Bd7 6. O-O Bg7 7. d3 e6 8.
Bxc6 Bxc6 9. Qe1 Ne7 10. Qh4 O-O 11. f5 gxf5 12. Bh6 Ng6 13. Qh3 f4 14. Ng5
Qf6 15. Nxh7 Qd4+ 16. Kh1 Kxh7 17. Bxf4+ Kg8 18. Ne2 Qxb2 19. Bxd6 Rfd8
{White resigns}
0-1

[Event "ICC tourney 3162 (40 10)"]
[Site "Internet Chess Club"]
[Date "2023.04.01"]
[Round "1"]
[White "Wan, Joseph Cheng-Yue:cyborg86"]
[Black "KONA, VIDIP KUMAR:Vidipkona"]
[Result "1-0"]
[ICCResult "Black resigns"]
[WhiteElo "2318"]
[BlackElo "1874"]
[Opening "Caro-Kann: anti-anti-Caro-Kann defense"]
[ECO "B10"]
[NIC "CK.01"]
[Time "11:01:12"]
[PlyCount "59"]
[TimeControl "2400+10"]

1. e4 c6 2. c4 d5 3. cxd5 cxd5 4. exd5 Qxd5 5. Nc3 Qd8 6. Nf3 Nf6 7. Bc4 e6
8. d4 Nc6 9. O-O Be7 10. Qe2 O-O 11. Rd1 Na5 12. Bd3 b6 13. Ne5 Bb7 14. Qe3
Nc6 15. Qh3 g6 16. Bh6 Re8 17. Rac1 a6 18. Bc4 Nd5 19. Nxd5 exd5 20. Nxf7
Kxf7 21. Qf3+ Ke6 22. Re1+ Kd7 23. Bxd5 Qc7 24. Bf4 Bd6 25. Qh3+ Kd8 26.
Qh4+ Re7 27. Rxe7 Qxe7 28. Bg5 Nb4 29. Bxb7 Bxh2+ 30. Kxh2 {Black resigns}
1-0

[Event "ICC tourney 3162 (40 10)"]
[Site "Internet Chess Club"]
[Date "2023.04.01"]
[Round "1"]
[White "Belous, Vladimir:Openyagami"]
[Black "KOEHL, EVAN:MacAndSneeze"]
[Result "1-0"]
[ICCResult "Black resigns"]
[WhiteElo "2604"]
[BlackElo "2076"]
[Opening "King's Indian: 5.Nf3"]
[ECO "E90"]
[NIC "KI.20"]
[Time "11:00:52"]
[PlyCount "103"]
[TimeControl "2400+10"]

1. c4 Nf6 2. Nc3 g6 3. e4 d6 4. d4 Bg7 5. Nf3 O-O 6. h3 e5 7. d5 a5 8. Bg5
Na6 9. Be2 Nc5 10. Nd2 h6 11. Be3 Nfd7 12. g4 f5 13. gxf5 gxf5 14. Rg1 f4
15. Bxc5 Nxc5 16. Bg4 Qh4 17. Nf3 Bxg4 18. hxg4 Qe7 19. g5 Kf7 20. Nh4 Ke8
21. Ng6 Qf7 22. Nxf8 Bxf8 23. gxh6 Bxh6 24. Qg4 Ke7 25. O-O-O f3+ 26. Kc2
Rh8 27. Qh4+ Kd7 28. Qh3+ Kd8 29. Rg4 Bg7 30. Rh4 Rxh4 31. Qxh4+ Bf6 32. Qg4
Be7 33. Rh1 c6 34. Rh3 Kc7 35. Rxf3 Qh7 36. Rh3 Qf7 37. Qf5 Qxf5 38. exf5
Nd7 39. Rh7 Kd8 40. Ne4 cxd5 41. cxd5 b5 42. f3 Ke8 43. b3 Kd8 44. Kd3 Ke8
45. a4 bxa4 46. bxa4 Nb6 47. f6 Bf8 48. Ra7 Nxa4 49. f7+ Kd8 50. Ng5 Nc5+
51. Kc4 Nd7 52. Ne6+ {Black resigns} 1-0

[Event "ICC tourney 3162 (40 10)"]
[Site "Internet Chess Club"]
[Date "2023.04.01"]
[Round "1"]
[White "IVANOV, ALEXANDER:marble"]
[Black "OPASKA, MICHAEL:mopaska1106"]
[Result "1-0"]
[ICCResult "Black resigns"]
[WhiteElo "2487"]
[BlackElo "1909"]
[Opening "Caro-Kann: advance variation"]
[ECO "B12"]
[NIC "CK.04"]
[Time "11:00:46"]
[PlyCount "53"]
[TimeControl "2400+10"]

1. e4 c6 2. d4 d5 3. e5 Bf5 4. h4 h5 5. c4 e6 6. Nc3 dxc4 7. Bxc4 Ne7 8. Bg5
Qb6 9. Nge2 Nd5 10. O-O Nd7 11. Nxd5 cxd5 12. Bd3 Bxd3 13. Qxd3 Nb8 14. a3
Nc6 15. b4 a6 16. Rfc1 Be7 17. Bxe7 Nxe7 18. Rc5 O-O 19. Ng3 g6 20. Qe3 a5
21. b5 Rac8 22. a4 Rc7 23. Rxc7 Qxc7 24. Rc1 Qd7 25. Qg5 Rc8 26. Rxc8+ Nxc8
27. Nxh5 {Black resigns} 1-0

[Event "ICC tourney 3162 (40 10)"]
[Site "Internet Chess Club"]
[Date "2023.04.01"]
[Round "1"]
[White "QUIRKE, JEFFREY L:PawnEatingZombi"]
[Black "QI, JENNY:eevee11"]
[Result "1-0"]
[ICCResult "Black checkmated"]
[WhiteElo "2171"]
[BlackElo "1817"]
[Opening "Kevitz-Trajkovich defense"]
[ECO "A50"]
[NIC "QP.07"]
[Time "11:00:21"]
[PlyCount "71"]
[TimeControl "2400+10"]

1. d4 Nf6 2. c4 Nc6 3. Nf3 e6 4. Nc3 d6 5. e4 Be7 6. Be2 O-O 7. O-O d5 8. e5
Ne4 9. Bd3 Nxc3 10. bxc3 dxc4 11. Bxc4 Na5 12. Bd3 c5 13. Qe2 f6 14. exf6
Bxf6 15. Qe4 g6 16. Bh6 Rf7 17. Ne5 Bxe5 18. dxe5 Nc6 19. Bc4 Qc7 20. Rad1
Bd7 21. Rd6 Re8 22. h4 b5 23. Be2 Rf5 24. f4 Na5 25. g4 Bc6 26. Rxc6 Nxc6
27. gxf5 exf5 28. Qd5+ Kh8 29. Bxb5 Rc8 30. Qxc6 Qxc6 31. Bxc6 Rxc6 32. Rd1
Kg8 33. Rd7 Ra6 34. a4 Rxa4 35. e6 Re4 36. Rd8# {Black checkmated} 1-0

[Event "ICC tourney 3162 (40 10)"]
[Site "Internet Chess Club"]
[Date "2023.04.01"]
[Round "1"]
[White "WILLY, STEPHEN:stephenwilly"]
[Black "Cao, Frank Zhongtian:FrankCao"]
[Result "0-1"]
[ICCResult "White checkmated"]
[WhiteElo "2143"]
[BlackElo "1738"]
[Opening "Caro-Kann: two knights, 3...Bg4"]
[ECO "B11"]
[NIC "CK.01"]
[Time "11:00:18"]
[PlyCount "124"]
[TimeControl "2400+10"]

1. e4 c6 2. Nc3 d5 3. Nf3 Bg4 4. h3 Bxf3 5. Qxf3 Nf6 6. Be2 e6 7. O-O Be7 8.
Rd1 d4 9. Nb1 c5 10. d3 Nc6 11. Qg3 O-O 12. e5 Ne8 13. Nd2 Bh4 14. Qf4 Bg5
15. Qe4 Qd5 16. f4 Qxe4 17. Nxe4 Be7 18. Bd2 f6 19. exf6 Nxf6 20. Bf3 Nxe4
21. Bxe4 Rac8 22. Re1 Bd6 23. Bxc6 Rxc6 24. Rxe6 Bxf4 25. Rxc6 bxc6 26. Bxf4
Rxf4 27. Rf1 Rxf1+ 28. Kxf1 Kf7 29. Kf2 Kf6 30. Kf3 Kf5 31. g4+ Kg5 32. Kg3
h5 33. h4+ Kg6 34. Kf4 hxg4 35. Kxg4 Kf6 36. h5 g5 37. h6 Kg6 38. h7 Kxh7
39. Kxg5 Kg7 40. Kf5 Kf7 41. Ke5 Ke7 42. a3 a5 43. b4 axb4 44. a4 Kd7 45. a5
Kc7 46. a6 Kb6 47. Kd6 c4 48. dxc4 b3 49. cxb3 d3 50. b4 d2 51. c5+ Kb5 52.
a7 d1=Q+ 53. Kc7 Qa4 54. Kb7 Kxb4 55. a8=Q Qxa8+ 56. Kb6 Qa5+ 57. Kxc6 Qxc5+
58. Kb7 Qd6 59. Ka7 Kb5 60. Kb7 Qd7+ 61. Kb8 Kb6 62. Ka8 Qa7# {White
checkmated} 0-1

[Event "ICC tourney 3162 (40 10)"]
[Site "Internet Chess Club"]
[Date "2023.04.01"]
[Round "1"]
[White "CHINNI, RISHABH:alphachesplayer"]
[Black "Volkov, Sergey:Volkov"]
[Result "0-1"]
[ICCResult "White resigns"]
[WhiteElo "1993"]
[BlackElo "2503"]
[Opening "French: Tarrasch, closed variation, main line"]
[ECO "C06"]
[NIC "FR.17"]
[Time "11:00:23"]
[PlyCount "108"]
[TimeControl "2400+10"]

1. e4 e6 2. d4 d5 3. Nd2 Nf6 4. e5 Nfd7 5. Bd3 c5 6. c3 Nc6 7. Ne2 cxd4 8.
cxd4 f6 9. exf6 Nxf6 10. Nf3 Bd6 11. Bf4 Qa5+ 12. Qd2 Qxd2+ 13. Bxd2 Nb4 14.
Bb1 Bd7 15. a3 Nc6 16. Bd3 a6 17. O-O O-O 18. Rac1 h6 19. h3 g5 20. Rfe1 Kg7
21. b4 Nh5 22. Bc3 Rac8 23. Ne5 Be8 24. g4 Bxe5 25. dxe5 Nf4 26. Nxf4 Rxf4
27. Bd2 Rd4 28. Rc3 Bg6 29. Bxg6 Kxg6 30. Bc1 Rc4 31. Bb2 Rxc3 32. Bxc3 Rf8
33. Kg2 Rf4 34. Rb1 Rc4 35. Ba1 b5 36. Kf3 h5 37. Rg1 Rc2 38. Rb1 d4 39. Re1
Ra2 40. Rc1 Rxa3+ 41. Ke4 Nxb4 42. Bxd4 Rxh3 43. gxh5+ Rxh5 44. Be3 Rh4+ 45.
Kf3 Nd3 46. Ra1 Nxe5+ 47. Ke2 Ra4 48. Rg1 Ra2+ 49. Kf1 Ra1+ 50. Kg2 Rxg1+
51. Kxg1 Kf5 52. Kf1 g4 53. Ke2 Ke4 54. Kd2 Nc4+ {White resigns} 0-1

[Event "ICC tourney 3162 (40 10)"]
[Site "Internet Chess Club"]
[Date "2023.04.01"]
[Round "1"]
[White "Cheng, Samuel:Samuel1001"]
[Black "HO, CARTER:corviknight"]
[Result "1-0"]
[ICCResult "Black resigns"]
[WhiteElo "1030"]
[BlackElo "2090"]
[Opening "Nimzo-Indian: 4.e3, main line with ...b6"]
[ECO "E52"]
[NIC "NI.06"]
[Time "11:00:33"]
[PlyCount "121"]
[TimeControl "2400+10"]

1. d4 Nf6 2. c4 e6 3. Nc3 Bb4 4. e3 O-O 5. Nf3 d5 6. Bd3 b6 7. O-O Bb7 8.
cxd5 exd5 9. Qc2 Nbd7 10. Nd2 a6 11. e4 dxe4 12. Ndxe4 Re8 13. Ng5 h6 14.
Nxf7 Qe7 15. Bc4 Kf8 16. Qg6 Bxc3 17. bxc3 Qe4 18. Nh8 Re7 19. Ba3 c5 20.
Rae1 Qxe1 21. Rxe1 Rxe1+ 22. Bf1 Bd5 23. dxc5 bxc5 24. Qd3 Ne5 25. Qf5 Bc4
26. h3 Bxf1 27. Kh2 Kg8 28. Ng6 Bd3 29. Qe6+ Kh7 30. Nxe5 Re8 31. Qd6 R1xe5
32. Qxd3+ Kh8 33. Qxa6 Ne4 34. f4 R5e6 35. Qc4 Nd2 36. Qd3 Ne4 37. c4 Rf6
38. Qf3 Nd2 39. Qd3 Ne4 40. Qe3 Rfe6 41. f5 Rc6 42. Bb2 Nf6 43. Qf3 Rd6 44.
Qf4 Rb6 45. Bc3 Rc6 46. a4 Ne4 47. Be5 Ng5 48. f6 gxf6 49. Bxf6+ Kg8 50.
Bxg5 hxg5 51. Qxg5+ Kf8 52. Qf4+ Ke7 53. Qe4+ Kd7 54. Qd5+ Kc7 55. a5 Ra8
56. Qf7+ Kb8 57. Qe8+ Kb7 58. Qd7+ Rc7 59. Qb5+ Kc8 60. a6 Rd7 61. Qc6+
{Black resigns}
1-0

[Event "ICC tourney 3162 (40 10)"]
[Site "Internet Chess Club"]
[Date "2023.04.01"]
[Round "1"]
[White "Walsh, Tim R:Telos53"]
[Black "RAYNES, PAUL:dumbunnyfish"]
[Result "1-0"]
[ICCResult "Black resigns"]
[WhiteElo "1814"]
[BlackElo "2150"]
[Opening "Queen's Indian: 4.Nc3"]
[ECO "E12"]
[NIC "NI.26"]
[Time "11:00:44"]
[PlyCount "127"]
[TimeControl "2400+10"]

1. d4 Nf6 2. Nf3 b6 3. c4 e6 4. Nc3 Bb4 5. Bg5 h6 6. Bh4 g5 7. Bg3 Ne4 8.
Qc2 Bb7 9. e3 Bxc3+ 10. bxc3 Nxg3 11. hxg3 Qe7 12. Bd3 Nc6 13. d5 Na5 14.
dxe6 dxe6 15. O-O O-O-O 16. Be4 h5 17. Ne5 Ba6 18. c5 Bxf1 19. Rxf1 Rhf8 20.
c6 Qc5 21. Nd7 Rxd7 22. cxd7+ Kxd7 23. Rd1+ Kc8 24. Qd3 Qe7 25. Qa6+ Kb8 26.
Rb1 f5 27. Bf3 g4 28. Qxa5 gxf3 29. gxf3 h4 30. Qb4 Qg7 31. Qd4 Qh8 32. Qxh8
Rxh8 33. Rd1 hxg3 34. fxg3 Rh7 35. Rd8+ Kb7 36. Kg2 Kc6 37. g4 fxg4 38. fxg4
Kc5 39. Kg3 Kc4 40. Re8 Kxc3 41. Rxe6 Kb2 42. a4 c5 43. Rc6 Kb3 44. a5 bxa5
45. Rxc5 a4 46. g5 a3 47. Rb5+ Kc2 48. Rc5+ Kb1 49. Rb5+ Ka1 50. Kf4 a2 51.
g6 Rg7 52. Kg5 a6 53. Rb3 a5 54. e4 a4 55. Ra3 Kb2 56. Rxa4 a1=Q 57. Rxa1
Kxa1 58. e5 Kb2 59. e6 Kc3 60. Kf6 Rg8 61. g7 Kd4 62. Kf7 Rb8 63. g8=Q Rxg8
64. Kxg8 {Black resigns} 1-0

[Event "ICC tourney 3162 (40 10)"]
[Site "Internet Chess Club"]
[Date "2023.04.01"]
[Round "1"]
[White "GHOSH, YOHAN:luckylion"]
[Black "BHATIA, AADIT:aaditbhatia"]
[Result "0-1"]
[ICCResult "White checkmated"]
[WhiteElo "1834"]
[BlackElo "2186"]
[Opening "Sicilian: Labourdonnais-Löwenthal (Kalashnikov) variation"]
[ECO "B32"]
[NIC "SI.32"]
[Time "11:00:17"]
[PlyCount "182"]
[TimeControl "2400+10"]

1. e4 c5 2. Nf3 Nc6 3. d4 cxd4 4. Nxd4 e5 5. Nb5 d6 6. N1c3 a6 7. Na3 Be7 8.
Be3 Nf6 9. Nd5 Nxd5 10. exd5 Nd4 11. Bxd4 exd4 12. Qxd4 O-O 13. O-O-O Bf6
14. Qd2 b5 15. Kb1 Bd7 16. Bd3 Qb6 17. h4 Rfc8 18. h5 Rc7 19. g4 Rac8 20. g5
Be7 21. Qf4 Be8 22. Qf5 g6 23. hxg6 fxg6 24. Qh3 Bxg5 25. Rdg1 Bf4 26. Qe6+
Bf7 27. Rxg6+ Kf8 28. Rf6 Re8 29. Qg4 Be5 30. Rf5 Bg7 31. Rf4 Rce7 32. Rd1
Qc5 33. Bxh7 Qa7 34. Bf5 Kg8 35. Qh4 Re1 36. Qg4 Bxd5 37. Qh5 Bf7 38. Bh7+
Kf8 39. Bg6 R1e7 40. Bxf7 Rxf7 41. Rxf7+ Qxf7 42. Qxf7+ Kxf7 43. c3 Re2 44.
Rxd6 b4 45. Rxa6 bxa3 46. Rxa3 Rxf2 47. Ra7+ Kf6 48. a4 Bh6 49. Ka2 Ke5 50.
Rb7 Kd5 51. a5 Be3 52. a6 Rf6 53. a7 Ra6+ 54. Kb3 Bxa7 55. c4+ Kc6 56. Rb5
Bd4 57. Rd5 Rb6+ 58. Rb5 Ra6 59. Rd5 Bc5 60. Kc3 Ra1 61. b4 Ra3+ 62. Kb2
Bxb4 63. Rb5 Be7 64. Re5 Ra7 65. Kb3 Rb7+ 66. Rb5 Ra7 67. Kb2 Bd6 68. Kb3
Ra3+ 69. Kb2 Rh3 70. Kc2 Bc5 71. Kb2 Bd4+ 72. Kc2 Rc3+ 73. Kd2 Rxc4 74. Rh5
Ra4 75. Kd3 Bc5 76. Rh6+ Kb5 77. Rh5 Rd4+ 78. Kc3 Rc4+ 79. Kd3 Kb4 80. Rh7
Rd4+ 81. Kc2 Kc4 82. Rh3 Bb4 83. Rh2 Bc3 84. Rg2 Rh4 85. Rf2 Rh3 86. Rf4+
Bd4 87. Rf1 Rh2+ 88. Kb1 Kb3 89. Rf3+ Bc3 90. Rf1 Ra2 91. Rf8 Ra1#
{White checkmated}
0-1

[Event "ICC tourney 3162 (40 10)"]
[Site "Internet Chess Club"]
[Date "2023.04.01"]
[Round "2"]
[White "KONA, VIDIP KUMAR:Vidipkona"]
[Black "MARKOVIC, GORAN:Goran21"]
[Result "1-0"]
[ICCResult "Black resigns"]
[WhiteElo "1874"]
[BlackElo "2075"]
[Opening "English opening"]
[ECO "A05"]
[NIC "QP.11"]
[Time "13:15:07"]
[PlyCount "85"]
[TimeControl "2400+10"]

1. Nf3 Nf6 2. c4 g6 3. b4 Bg7 4. Bb2 O-O 5. g3 d6 6. Bg2 e5 7. d3 c6 8. O-O
Re8 9. Qc2 Na6 10. a3 Bg4 11. h3 Bd7 12. Nbd2 Rc8 13. c5 dxc5 14. bxc5 Nd5
15. Nc4 Bf5 16. Nd6 e4 17. dxe4 Bxb2 18. Qxb2 Bxe4 19. Qxb7 Nxc5 20. Qxf7+
Kh8 21. Nxc8 Qxc8 22. Qxa7 Ne6 23. Qa4 Ng7 24. Rac1 Qf5 25. Qxc6 Nf4 26. Qc4
Nxh3+ 27. Kh2 Bd5 28. Bxh3 Bxc4 29. Bxf5 Bxe2 30. Rfe1 gxf5 31. Nd4 Ba6 32.
Rxe8+ Nxe8 33. Nxf5 Kg8 34. Rc6 Bb5 35. Rb6 Bd3 36. Nd4 Kf7 37. a4 Ke7 38.
a5 Nc7 39. g4 Kd7 40. Nf5 h5 41. Rd6+ Kc8 42. Rxd3 hxg4 43. Nd6+ {Black
resigns} 1-0

[Event "ICC tourney 3162 (40 10)"]
[Site "Internet Chess Club"]
[Date "2023.04.01"]
[Round "2"]
[White "BHATIA, AADIT:aaditbhatia"]
[Black "Cheng, Samuel:Samuel1001"]
[Result "1-0"]
[ICCResult "Black resigns"]
[WhiteElo "2186"]
[BlackElo "1030"]
[Opening "QGD Slav: Soultanbéieff variation"]
[ECO "D16"]
[NIC "SL.03"]
[Time "13:15:10"]
[PlyCount "67"]
[TimeControl "2400+10"]

1. d4 Nf6 2. Nf3 d5 3. c4 c6 4. Nc3 dxc4 5. a4 e6 6. e4 Bb4 7. Bg5 Qa5 8.
Bd2 Qb6 9. e5 Nd5 10. Bxc4 O-O 11. O-O a5 12. Ne4 Bxd2 13. Qxd2 Na6 14. Bd3
Nab4 15. Bb1 Qa7 16. Ra3 b6 17. Nf6+ gxf6 18. Qh6 f5 19. Nh4 Ne7 20. Rh3 Rd8
21. Nf3 Ng6 22. Ng5 Nd5 23. Nxh7 Qe7 24. Ba2 f6 25. Bxd5 Qg7 26. Nxf6+ Kf7
27. Bxc6 Ra7 28. Qxg7+ Kxg7 29. Rh7+ Kf8 30. Rxa7 Rxd4 31. f4 Rc4 32. Be8
Ne7 33. Bh5 Rxa4 34. Rd1 {Black resigns} 1-0

[Event "ICC tourney 3162 (40 10)"]
[Site "Internet Chess Club"]
[Date "2023.04.01"]
[Round "2"]
[White "HO, CARTER:corviknight"]
[Black "BERKLEY, DARRIN K:drberkley"]
[Result "0-1"]
[ICCResult "White resigns"]
[WhiteElo "2090"]
[BlackElo "1890"]
[Opening "Pirc: Austrian attack, 6.Bd3"]
[ECO "B09"]
[NIC "PU.02"]
[Time "13:15:11"]
[PlyCount "76"]
[TimeControl "2400+10"]

1. e4 d6 2. d4 Nf6 3. Nc3 g6 4. f4 Bg7 5. Nf3 O-O 6. Bd3 c5 7. e5 Nfd7 8.
exd6 cxd4 9. dxe7 Qxe7+ 10. Ne2 Nc6 11. O-O Nc5 12. Bb5 Rd8 13. Re1 Qc7 14.
Ng3 Bg4 15. h3 Bxf3 16. Qxf3 Nb4 17. Re2 d3 18. cxd3 Ncxd3 19. Be3 Nxb2 20.
Rc1 Qa5 21. a4 a6 22. Bc4 Nxc4 23. Rxc4 Qxa4 24. f5 Qb3 25. Rh4 Nd5 26. Kh2
Nxe3 27. Rxe3 Qd5 28. Qf1 Re8 29. Rf3 Be5 30. fxg6 hxg6 31. Qc1 Bg7 32. Qf4
g5 33. Qg4 gxh4 34. Nh5 Qe5+ 35. Kh1 Kf8 36. Rf5 Qe1+ 37. Kh2 Be5+ 38. Nf4
Qg3+ {White resigns} 0-1

[Event "ICC tourney 3162 (40 10)"]
[Site "Internet Chess Club"]
[Date "2023.04.01"]
[Round "2"]
[White "YAN, RUIYANG:jy2020"]
[Black "Guo, Anni:movingkid"]
[Result "1-0"]
[ICCResult "Black forfeits on time"]
[WhiteElo "2351"]
[BlackElo "1727"]
[Opening "Sicilian: dragon, Yugoslav attack, Rauser variation"]
[ECO "B76"]
[NIC "SI.17"]
[Time "13:15:07"]
[PlyCount "77"]
[TimeControl "2400+10"]

1. e4 c5 2. Nf3 d6 3. d4 cxd4 4. Nxd4 Nf6 5. Nc3 g6 6. Be3 Bg7 7. f3 O-O 8.
Qd2 Nc6 9. O-O-O d5 10. exd5 Nxd5 11. Nxc6 bxc6 12. Bd4 e5 13. Bc5 Be6 14.
Ne4 Re8 15. h4 h5 16. c4 Nf6 17. Qxd8 Rexd8 18. Rxd8+ Rxd8 19. Nxf6+ Bxf6
20. Be2 a6 21. g3 Bg7 22. Rd1 Bh6+ 23. Kc2 Rxd1 24. Kxd1 Bf8 25. Bxf8 Kxf8
26. b4 Ke7 27. a3 c5 28. Kd2 Kd6 29. Kc3 Bf5 30. g4 hxg4 31. fxg4 Be4 32.
Kd2 f5 33. h5 Ke6 34. h6 Kf7 35. g5 f4 36. Bg4 cxb4 37. axb4 Bc6 38. Be6+
Kf8 39. Bd5 {Black forfeits on time} 1-0

[Event "ICC tourney 3162 (40 10)"]
[Site "Internet Chess Club"]
[Date "2023.04.01"]
[Round "2"]
[White "KOEHL, EVAN:MacAndSneeze"]
[Black "GHOSH, YOHAN:luckylion"]
[Result "1-0"]
[ICCResult "Black checkmated"]
[WhiteElo "2076"]
[BlackElo "1834"]
[Opening "Sicilian: Nimzovich-Rossolimo attack (with ...g6, without ...d6)"]
[ECO "B31"]
[NIC "SI.31"]
[Time "13:15:28"]
[PlyCount "65"]
[TimeControl "2400+10"]

1. e4 c5 2. Nf3 Nc6 3. Bb5 g6 4. O-O Bg7 5. c3 Nf6 6. Re1 O-O 7. d4 cxd4 8.
cxd4 d6 9. d5 Nb8 10. h3 Nbd7 11. Nc3 a6 12. Bf1 b5 13. Bd2 Bb7 14. Rc1 Qb6
15. Be3 Qa5 16. Nd4 Nc5 17. e5 Nxd5 18. Nxd5 Bxd5 19. exd6 exd6 20. Nxb5
Bxb2 21. Rb1 axb5 22. Rxb2 Bxa2 23. Bh6 Bb3 24. Qd4 f6 25. Re7 Rf7 26. Rxf7
Kxf7 27. Qxd6 Qc3 28. Qc7+ Ke6 29. Re2+ Kd5 30. Rd2+ Ke6 31. Qc6+ Ke5 32.
f4+ Kf5 33. g4# {Black checkmated} 1-0

[Event "ICC tourney 3162 (40 10)"]
[Site "Internet Chess Club"]
[Date "2023.04.01"]
[Round "2"]
[White "Mitrabha, Guha:babysnake"]
[Black "QUIRKE, JEFFREY L:PawnEatingZombi"]
[Result "0-1"]
[ICCResult "White resigns"]
[WhiteElo "2560"]
[BlackElo "2171"]
[Opening "Queen's pawn: Chigorin variation"]
[ECO "D00"]
[NIC "QP.08"]
[Time "13:16:00"]
[PlyCount "52"]
[TimeControl "2400+10"]

1. d4 d5 2. Nc3 Nf6 3. Bf4 Bf5 4. f3 e6 5. g4 Bg6 6. h4 h6 7. e3 a6 8. Nce2
c5 9. c3 Nc6 10. Bg3 Bd6 11. Nh3 e5 12. Bg2 cxd4 13. exd4 exd4 14. Bxd6 Qxd6
15. cxd4 O-O-O 16. O-O Rhe8 17. Nef4 Qb4 18. Rc1 Kb8 19. h5 Bh7 20. g5 hxg5
21. Nxg5 Bg8 22. Rxc6 bxc6 23. Qd3 Re1 24. a3 Rxf1+ 25. Bxf1 Qxb2 26. Qe3
Re8 {White resigns} 0-1

[Event "ICC tourney 3162 (40 10)"]
[Site "Internet Chess Club"]
[Date "2023.04.01"]
[Round "2"]
[White "Cao, Frank Zhongtian:FrankCao"]
[Black "IVANOV, ALEXANDER:marble"]
[Result "0-1"]
[ICCResult "White resigns"]
[WhiteElo "1738"]
[BlackElo "2487"]
[Opening "Robatsch defense: two knights, Suttles variation"]
[ECO "B06"]
[NIC "KF.05"]
[Time "13:15:07"]
[PlyCount "104"]
[TimeControl "2400+10"]

1. e4 g6 2. d4 Bg7 3. Nc3 c6 4. Nf3 d6 5. Be3 Qb6 6. a3 Qc7 7. Qd2 Nd7 8.
Be2 Ngf6 9. h3 O-O 10. O-O b5 11. d5 cxd5 12. Nxb5 Qb7 13. exd5 Nxd5 14. Bd4
N7f6 15. c4 Ne4 16. Qc2 Ndf6 17. Nc3 Nxc3 18. Bxc3 Bf5 19. Bd3 Bxd3 20. Qxd3
a5 21. b4 Rfc8 22. Rfc1 Qe4 23. Qxe4 Nxe4 24. Bxg7 Kxg7 25. Kf1 axb4 26.
axb4 Rxc4 27. Rxc4 Rxa1+ 28. Ke2 Ra2+ 29. Ke1 Nxf2 30. Rd4 f5 31. Nd2 Ne4
32. Nxe4 fxe4 33. Rxe4 e5 34. g3 Kf6 35. Rc4 Ra3 36. Kf2 Rb3 37. Rc6 Ke6 38.
Rc7 Rxb4 39. Rxh7 d5 40. Rg7 Kf6 41. Rd7 d4 42. Rd6+ Kg5 43. h4+ Kf5 44. g4+
Kxg4 45. Rxg6+ Kf5 46. h5 Rb2+ 47. Ke1 Rh2 48. Rh6 d3 49. Rd6 Ke4 50. h6 Ke3
51. Kf1 d2 52. Kg1 Rxh6 {White resigns} 0-1

[Event "ICC tourney 3162 (40 10)"]
[Site "Internet Chess Club"]
[Date "2023.04.01"]
[Round "2"]
[White "HO, COOPER:arsenicblast"]
[Black "WU, JAYDEN:SparkyNinja"]
[Result "1-0"]
[ICCResult "Black forfeits on time"]
[WhiteElo "2194"]
[BlackElo "2014"]
[Opening "Sicilian: Najdorf"]
[ECO "B90"]
[NIC "SI.14"]
[Time "13:16:00"]
[PlyCount "81"]
[TimeControl "2400+10"]

1. e4 c5 2. Nf3 d6 3. d4 cxd4 4. Nxd4 Nf6 5. Nc3 a6 6. f3 e5 7. Nb3 Be6 8.
Be3 h5 9. Nd5 Bxd5 10. exd5 Nbd7 11. Qd2 b6 12. O-O-O g6 13. Be2 Bg7 14. g4
Nc5 15. h3 Qc7 16. Kb1 O-O 17. Bh6 Rfc8 18. Bxg7 Kxg7 19. f4 Nce4 20. Qe1
exf4 21. Bd3 Ng3 22. Qf2 Nxh1 23. Qxf4 Nf2 24. Qxf2 hxg4 25. Rf1 Qe7 26. Nd4
gxh3 27. Nc6 Rxc6 28. dxc6 b5 29. Qf3 Rc8 30. a4 bxa4 31. Bxa6 Rc7 32. Bb5
Qe6 33. Bxa4 Ne4 34. Qf4 Qe5 35. Qxe5+ dxe5 36. Rh1 Ng5 37. b4 Ra7 38. Bb3
Kf8 39. b5 Rc7 40. Bd5 Rc8 41. b6 {Black forfeits on time} 1-0

[Event "ICC tourney 3162 (40 10)"]
[Site "Internet Chess Club"]
[Date "2023.04.01"]
[Round "2"]
[White "Volkov, Sergey:Volkov"]
[Black "Walsh, Tim R:Telos53"]
[Result "1/2-1/2"]
[ICCResult "Game drawn by mutual agreement"]
[WhiteElo "2503"]
[BlackElo "1814"]
[Opening "QGD: exchange, positional line, 5...c6"]
[ECO "D35"]
[NIC "QO.16"]
[Time "13:15:20"]
[PlyCount "99"]
[TimeControl "2400+10"]

1. d4 d5 2. c4 e6 3. Nc3 Nf6 4. cxd5 exd5 5. Bg5 c6 6. e3 h6 7. Bh4 Be7 8.
Bd3 Nbd7 9. Nge2 O-O 10. O-O Re8 11. f3 Nf8 12. Bf2 Be6 13. a3 Rc8 14. b4 a6
15. Na4 Rc7 16. Nc5 Bc8 17. h3 Bd6 18. e4 Bxc5 19. dxc5 dxe4 20. Bxe4 Qxd1
21. Raxd1 Nxe4 22. fxe4 Rxe4 23. Ng3 Re8 24. Nh5 f6 25. Bh4 Nh7 26. Rd6 Rce7
27. Rfd1 Kf7 28. Kh2 g5 29. Bf2 Re6 30. Bd4 Rxd6 31. cxd6 Bd7 32. g4 Re2+
33. Kg3 Kg6 34. Kf3 Re6 35. Bc3 Re8 36. Ng3 Be6 37. Kf2 Bd5 38. b5 axb5 39.
Nf5 Be6 40. h4 h5 41. Ne7+ Kf7 42. gxh5 gxh4 43. Ng6 Ng5 44. Ba5 Bd7 45.
Nxh4 Rh8 46. Re1 Ne6 47. Nf3 Rxh5 48. Rd1 c5 49. Bc3 Nf4 50. Ba1
{Game drawn by mutual agreement}
1/2-1/2

[Event "ICC tourney 3162 (40 10)"]
[Site "Internet Chess Club"]
[Date "2023.04.01"]
[Round "2"]
[White "CHINNI, RISHABH:alphachesplayer"]
[Black "WILLY, STEPHEN:stephenwilly"]
[Result "1-0"]
[ICCResult "Black resigns"]
[WhiteElo "1993"]
[BlackElo "2143"]
[Opening "Pirc defense"]
[ECO "B07"]
[NIC "PU.08"]
[Time "13:15:20"]
[PlyCount "121"]
[TimeControl "2400+10"]

1. e4 d6 2. d4 Nf6 3. Nc3 e5 4. dxe5 dxe5 5. Qxd8+ Kxd8 6. Bg5 Nd7 7. O-O-O
c6 8. Nf3 Kc7 9. Bc4 Bb4 10. Rhe1 Rf8 11. a3 Bxc3 12. bxc3 b6 13. Bh4 Bb7
14. Bg3 Rae8 15. Ng5 Re7 16. f4 Nh5 17. Bh4 f6 18. Ne6+ Rxe6 19. Bxe6 Nc5
20. f5 Nf4 21. Rd2 Nfxe6 22. fxe6 Nxe6 23. Bf2 Rd8 24. Rxd8 Nxd8 25. Kd2 c5
26. Ke3 Ne6 27. h4 c4 28. g4 g6 29. Bg3 Nc5 30. g5 fxg5 31. Bxe5+ Kd7 32.
hxg5 Nxe4 33. Kf4 Nc5 34. Rd1+ Ke8 35. Bf6 Bc6 36. Rd8+ Kf7 37. Rc8 Bd7 38.
Rh8 Ne6+ 39. Ke5 Nf8 40. Kd6 Bf5 41. Be7 Ne6 42. Rxh7+ Kg8 43. Rh2 Nc5 44.
Kd5 Ne4 45. Kxc4 Kf7 46. Bd8 Nd6+ 47. Kd5 Nb5 48. Bf6 Nxa3 49. Rh7+ Ke8 50.
Rxa7 Nxc2 51. Rb7 Ne3+ 52. Ke5 Kf8 53. Kd4 Nc2+ 54. Kc4 Ne3+ 55. Kb5 Nd5 56.
Bd4 Bd3+ 57. c4 Ke8 58. Bxb6 Nc3+ 59. Kc5 Be4 60. Rb8+ Kd7 61. Kd4
{Black resigns}
1-0